| TOP OF THE 1ST |
|
Seattle Mariners batting - Pitching for Kansas City Royals : RHP Bryan Boykin
|
|
Pitching: RHP Bryan Boykin
|
|
|
Batting: LHB Dae-ik Yoon
|
0-0: Called Strike 0-1: Ball 1-1: Ball 2-1: Called Strike 2-2: Strikes out swinging
|
|
Batting: SHB Floyd-William Goof
|
0-0: Ball 1-0: Hit by Pitch
|
|
Batting: RHB Steve Jordan
|
0-0: Ball 1-0: Ball 2-0: Hit by Pitch Floyd-William Goof to second
|
|
Batting: RHB Tony Vargas
|
0-0: Ball 1-0: Foul Ball, location: 2F 1-1: Foul Ball, location: 2F 1-2: Grounds into double play, 4-6-3 (Groundball, 34, EV 93.1 MPH)
|
| Top of the 1st over - 0 runs, 0 hits, 0 errors, 1 left on base; Seattle 0 - Kansas City 0 |
| BOTTOM OF THE 1ST |
|
Kansas City Royals batting - Pitching for Seattle Mariners : LHP Antonio Diaz
|
|
Pitching: LHP Antonio Diaz
|
|
|
Batting: SHB Jose Pacheco
|
0-0: Called Strike 0-1: Ball 1-1: Fly out, F3 (Popup, 3SF, EV 79.4 MPH)
|
|
Batting: RHB Imbart Faber
|
0-0: Called Strike 0-1: Fly out, F9 (Flyball, 89D, EV 92.5 MPH)
|
|
Batting: LHB Mike Meyerhoff
|
0-0: Ball 1-0: Called Strike 1-1: Foul Ball, location: 2F 1-2: Strikes out swinging
|
| Bottom of the 1st over - 0 runs, 0 hits, 0 errors, 0 left on base; Seattle 0 - Kansas City 0 |
| TOP OF THE 2ND |
|
Seattle Mariners batting - Pitching for Kansas City Royals : RHP Bryan Boykin
|
|
Batting: RHB Pavpv Ivanushkin
|
0-0: Called Strike 0-1: Fly out, F3 (Popup, 3S, EV 86.2 MPH)
|
|
Batting: RHB Jimmy Hammertime
|
0-0: Ground out 5-3 (Groundball, 56S, EV 90.6 MPH)
|
|
Batting: RHB Harutomi Matsubara
|
0-0: Called Strike 0-1: Swinging Strike 0-2: Ball 1-2: Ball 2-2: Foul Ball, location: 2F 2-2: Ball 3-2: Ground out 5-3 (Groundball, 56S, EV 60.0 MPH)
|
| Top of the 2nd over - 0 runs, 0 hits, 0 errors, 0 left on base; Seattle 0 - Kansas City 0 |
| BOTTOM OF THE 2ND |
|
Kansas City Royals batting - Pitching for Seattle Mariners : LHP Antonio Diaz
|
|
Batting: RHB Mike Jaquez
|
0-0: Ball 1-0: Fly out, F7 (Flyball, 7S, EV 93.8 MPH)
|
|
Batting: LHB Roman Downey
|
0-0: Ball 1-0: Ball 2-0: Ball 3-0: Base on Balls
|
|
Batting: SHB Gil Switzer
|
0-0: Ball 1-0: Ball 2-0: Foul Ball, location: 2F 2-1: Foul Ball, location: 2F 2-2: Ball 3-2: Base on Balls Roman Downey to second
|
|
Batting: RHB Adam Martin
|
0-0: Ball 1-0: Foul Ball, location: 2F 1-1: Ball 2-1: Ball 3-1: Base on Balls Roman Downey to third Gil Switzer to second
|
|
Batting: RHB Mikolas Markus
|
0-0: Foul Ball, location: 2F 0-1: Ball 1-1: DOUBLE (Line Drive, 5D, EV 104.4 MPH) Roman Downey scores Gil Switzer scores Adam Martin to third
|
|
Batting: LHB Robby Diaz
|
0-0: Ball 1-0: Foul Ball, location: 2F 1-1: Fly out, F6 (Line Drive, 4M, EV 73.8 MPH)
|
|
Batting: SHB Jose Pacheco
|
0-0: Ball 1-0: Foul Ball, location: 2F 1-1: Ball 2-1: Ball 3-1: Base on Balls
|
|
Batting: RHB Imbart Faber
|
0-0: Ground out 4-3 (Groundball, 34, EV 108.1 MPH)
|
| Bottom of the 2nd over - 2 runs, 1 hit, 0 errors, 3 left on base; Seattle 0 - Kansas City 2 |
| TOP OF THE 3RD |
|
Seattle Mariners batting - Pitching for Kansas City Royals : RHP Bryan Boykin
|
|
Batting: LHB Jerrod Cluck
|
0-0: Ball 1-0: Ball 2-0: Called Strike 2-1: Foul Ball, location: 2F 2-2: Ball 3-2: SINGLE (Groundball, 6D, EV 94.4 MPH)
|
|
Batting: RHB Corey Ottinger
|
0-0: Called Strike 0-1: Ball 1-1: Ball 2-1: Swinging Strike 2-2: Foul Ball, location: 2F 2-2: SINGLE (Line Drive, 9S, EV 93.1 MPH) Jerrod Cluck to second Runner from 2nd tries for 3rd, SAFE, throw by RF made to third
|
|
Batting: LHB Dae-ik Yoon
|
0-0: Ball 1-0: Called Strike 1-1: Ball 2-1: Ball 3-1: Base on Balls Corey Ottinger to second
|
|
Batting: SHB Floyd-William Goof
|
0-0: Ball 1-0: Fly out, F8 (Line Drive, 8LD, EV 96.9 MPH) Runner from 3rd tags up, SCORES, throw by CF Corey Ottinger to third
|
|
Batting: RHB Steve Jordan
|
0-0: Foul Ball, location: 2F 0-1: Called Strike 0-2: DOUBLE (Line Drive, 9LM, EV 87.5 MPH) Corey Ottinger scores Dae-ik Yoon to third
|
|
Batting: RHB Tony Vargas
|
0-0: Ball 1-0: Ball Passed Ball! Dae-ik Yoon scores Steve Jordan to third 2-0: Ball 3-0: Base on Balls
|
|
Batting: RHB Pavpv Ivanushkin
|
0-0: Ball 1-0: Fly out, F9 (Flyball, 89M, EV 91.9 MPH) Runner from 3rd tags up, OUT at HOME! 9-2
|
| Top of the 3rd over - 3 runs, 3 hits, 0 errors, 1 left on base; Seattle 3 - Kansas City 2 |
| BOTTOM OF THE 3RD |
|
Kansas City Royals batting - Pitching for Seattle Mariners : LHP Antonio Diaz
|
|
Batting: LHB Mike Meyerhoff
|
0-0: Called Strike 0-1: DOUBLE (Line Drive, 7LS, EV 93.1 MPH)
|
|
Batting: RHB Mike Jaquez
|
0-0: Foul Ball, location: 2F 0-1: DOUBLE (Line Drive, 89D, EV 112.5 MPH) Mike Meyerhoff scores
|
|
Batting: LHB Roman Downey
|
0-0: SINGLE (Groundball, 4MD, EV 101.2 MPH) Mike Jaquez to third Runner from 3rd tries for Home, SAFE, throw by CF to home
|
|
Batting: SHB Gil Switzer
|
0-0: Ball 1-0: Ball 2-0: Called Strike 2-1: Ball 3-1: Foul Ball, location: 2F 3-2: Foul Ball, location: 2F 3-2: Strikes out swinging
|
|
Batting: RHB Adam Martin
|
0-0: Ball 1-0: Ball 2-0: Called Strike 2-1: Called Strike 2-2: Grounds into double play, 6-4-3 (Groundball, 6D, EV 86.2 MPH)
|
| Bottom of the 3rd over - 2 runs, 3 hits, 0 errors, 0 left on base; Seattle 3 - Kansas City 4 |
| TOP OF THE 4TH |
|
Seattle Mariners batting - Pitching for Kansas City Royals : RHP Bryan Boykin
|
|
Batting: RHB Jimmy Hammertime
|
0-0: Called Strike 0-1: Ball 1-1: Foul Ball, location: 2F 1-2: Ball 2-2: Strikes out looking
|
|
Batting: RHB Harutomi Matsubara
|
0-0: Foul Ball, location: 2F 0-1: Ball 1-1: Foul Ball, location: 2F 1-2: Strikes out looking
|
|
Batting: LHB Jerrod Cluck
|
0-0: Ground out 5-3 (Groundball, 5, EV 81.2 MPH)
|
| Top of the 4th over - 0 runs, 0 hits, 0 errors, 0 left on base; Seattle 3 - Kansas City 4 |
| BOTTOM OF THE 4TH |
|
Kansas City Royals batting - Pitching for Seattle Mariners : LHP Antonio Diaz
|
|
Batting: RHB Mikolas Markus
|
0-0: Ball 1-0: Ball 2-0: Called Strike 2-1: Ball 3-1: Called Strike 3-2: DOUBLE (Line Drive, 3D, EV 100.6 MPH)
|
|
Batting: LHB Robby Diaz
|
0-0: Ball 1-0: Ball 2-0: Foul Ball, location: 2F 2-1: Swinging Strike 2-2: Strikes out looking
|
|
Batting: SHB Jose Pacheco
|
0-0: Fly out, F7 (Flyball, 78D, EV 97.5 MPH)
|
|
Batting: RHB Imbart Faber
|
0-0: Called Strike 0-1: Ball 1-1: Called Strike 1-2: Foul Ball, location: 2F 1-2: Ground out 5-3 (Groundball, 56S, EV 85.0 MPH)
|
| Bottom of the 4th over - 0 runs, 1 hit, 0 errors, 1 left on base; Seattle 3 - Kansas City 4 |
| TOP OF THE 5TH |
|
Seattle Mariners batting - Pitching for Kansas City Royals : RHP Bryan Boykin
|
|
Batting: RHB Corey Ottinger
|
0-0: Ball 1-0: Ball 2-0: Ball 3-0: Foul Ball, location: 2F 3-1: Base on Balls
|
|
Batting: LHB Dae-ik Yoon
|
0-0: Swinging Strike 0-1: Foul Ball, location: 2F 0-2: Strikes out swinging
|
|
Batting: SHB Floyd-William Goof
|
0-0: DOUBLE (Line Drive, 89XD, EV 100.0 MPH) Corey Ottinger to third
|
|
Batting: RHB Steve Jordan
|
0-0: Ball 1-0: Foul Ball, location: 2F 1-1: Foul Ball, location: 2F 1-2: Foul Ball, location: 2F 1-2: Ball 2-2: Fly out, F9 (Flyball, 9, EV 76.9 MPH)
|
|
Batting: RHB Tony Vargas
|
0-0: DOUBLE (Line Drive, 3D, EV 100.0 MPH) Corey Ottinger scores Floyd-William Goof scores
|
|
Pitching: LHP John Hall
|
|
|
Batting: RHB Pavpv Ivanushkin
|
0-0: Ball 1-0: SINGLE (Groundball, 56D, EV 102.5 MPH) (infield hit) Tony Vargas to third
|
|
Batting: RHB Jimmy Hammertime
|
0-0: Ball 1-0: Ball 2-0: Ball 3-0: Called Strike 3-1: Ground out 6-3 (Groundball, P, EV 86.2 MPH)
|
| Top of the 5th over - 2 runs, 3 hits, 0 errors, 2 left on base; Seattle 5 - Kansas City 4 |
| BOTTOM OF THE 5TH |
|
Kansas City Royals batting - Pitching for Seattle Mariners : LHP Antonio Diaz
|
|
Batting: LHB Mike Meyerhoff
|
0-0: Ball 1-0: Swinging Strike 1-1: Ball 2-1: Ball 3-1: Base on Balls
|
|
Pitching: RHP William de Jesus
|
|
|
Batting: RHB Mike Jaquez
|
0-0: Ball 1-0: Ball 2-0: Foul Ball, location: 2F 2-1: Foul Ball, location: 2F 2-2: Strikes out swinging
|
|
Batting: LHB Roman Downey
|
0-0: Ball 1-0: Ball 2-0: Called Strike 2-1: Called Strike 2-2: Ball 3-2: Foul Ball, location: 2F 3-2: Base on Balls Mike Meyerhoff to second
|
|
Batting: SHB Gil Switzer
|
0-0: Called Strike 0-1: Foul Ball, location: 2F 0-2: Strikes out swinging
|
|
Pinch Hitting: LHB Justin Rupert
|
0-0: Called Strike 0-1: Called Strike 0-2: Ball 1-2: Ball 2-2: Foul Ball, location: 2F 2-2: Strikes out swinging
|
| Bottom of the 5th over - 0 runs, 0 hits, 0 errors, 2 left on base; Seattle 5 - Kansas City 4 |
| TOP OF THE 6TH |
|
Seattle Mariners batting - Pitching for Kansas City Royals : LHP John Hall
|
|
Now at 1B: Justin Rupert
|
|
|
Batting: RHB Harutomi Matsubara
|
0-0: Ball 1-0: Ball 2-0: Ball 3-0: Base on Balls
|
|
Batting: LHB Jerrod Cluck
|
0-0: Called Strike 0-1: Ball 1-1: Foul Ball, location: 2F 1-2: Ball 2-2: Strikes out swinging
|
|
Batting: RHB Corey Ottinger
|
0-0: Ball 1-0: Ball 2-0: Called Strike 2-1: Swinging Strike 2-2: Foul Ball, location: 2F 2-2: Foul Ball, location: 2F 2-2: Strikes out swinging
|
|
Batting: LHB Dae-ik Yoon
|
0-0: Ball Harutomi Matsubara is caught stealing 2nd base 2-6
|
| Top of the 6th over - 0 runs, 0 hits, 0 errors, 0 left on base; Seattle 5 - Kansas City 4 |
| BOTTOM OF THE 6TH |
|
Kansas City Royals batting - Pitching for Seattle Mariners : RHP William de Jesus
|
|
Pinch Hitting: LHB Pete Hansel
|
0-0: Ball 1-0: Ball 2-0: Called Strike 2-1: Ball 3-1: Foul Ball, location: 2F 3-2: Strikes out swinging
|
|
Batting: LHB Robby Diaz
|
0-0: Ball 1-0: Called Strike 1-1: Ball 2-1: Ground out 4-3 (Groundball, 4D, EV 103.1 MPH)
|
|
Batting: SHB Jose Pacheco
|
0-0: Called Strike 0-1: Ball 1-1: Called Strike 1-2: Ball 2-2: Fly out, F7 (Flyball, 7LM, EV 83.8 MPH)
|
| Bottom of the 6th over - 0 runs, 0 hits, 0 errors, 0 left on base; Seattle 5 - Kansas City 4 |
| TOP OF THE 7TH |
|
Seattle Mariners batting - Pitching for Kansas City Royals : LHP John Hall
|
|
Now at 3B: Matt Belgard
|
|
|
Batting: LHB Dae-ik Yoon
|
0-0: Ball 1-0: Ball 2-0: SINGLE (Groundball, 3S, EV 75.6 MPH) (infield hit)
|
|
Batting: SHB Floyd-William Goof
|
0-0: Sac Bunt to 15S - play at first, batter OUT! 1-3 Dae-ik Yoon to second
|
|
Batting: RHB Steve Jordan
|
0-0: Ball 1-0: Ball Wild Pitch! Dae-ik Yoon to third 2-0: Called Strike 2-1: Ground out 5-3 (Groundball, 5S, EV 68.8 MPH)
|
|
Batting: RHB Tony Vargas
|
0-0: Ball 1-0: Ball 2-0: Ball 3-0: Called Strike 3-1: Base on Balls
|
|
Batting: RHB Pavpv Ivanushkin
|
0-0: Called Strike 0-1: Single, Error in OF, E8, batter to second base (Line Drive, 6M, EV 103.8 MPH) Dae-ik Yoon scores Tony Vargas to third
|
|
Batting: RHB Jimmy Hammertime
|
0-0: Ball 1-0: Called Strike 1-1: Ball 2-1: Foul Ball, location: 2F 2-2: Hit by Pitch
|
|
Batting: RHB Harutomi Matsubara
|
0-0: Foul Ball, location: 2F 0-1: Ball 1-1: Fly out, F7 (Flyball, 78M, EV 87.5 MPH)
|
| Top of the 7th over - 1 run, 2 hits, 1 error, 3 left on base; Seattle 6 - Kansas City 4 |
| BOTTOM OF THE 7TH |
|
Kansas City Royals batting - Pitching for Seattle Mariners : RHP William de Jesus
|
|
Pitching: LHP Lance Crumpton
|
|
|
Now at 2B: Malik Brookshire
|
|
|
Now at 3B: Corey Ottinger
|
|
|
Batting: RHB Imbart Faber
|
0-0: Ball 1-0: Ball 2-0: Ground out 5-3 (Groundball, 56S, EV 80.6 MPH)
|
|
Batting: LHB Mike Meyerhoff
|
0-0: Foul Ball, location: 2F 0-1: Foul Ball, location: 2F 0-2: Foul Ball, location: 2F 0-2: SINGLE (Line Drive, 4M, EV 109.4 MPH)
|
|
Batting: RHB Mike Jaquez
|
0-0: Ball 1-0: Grounds into double play, 5-4-3 (Groundball, 5, EV 96.9 MPH)
|
| Bottom of the 7th over - 0 runs, 1 hit, 0 errors, 0 left on base; Seattle 6 - Kansas City 4 |
| TOP OF THE 8TH |
|
Seattle Mariners batting - Pitching for Kansas City Royals : LHP John Hall
|
|
Pitching: LHP Chris Eaker
|
|
|
Batting: LHB Jerrod Cluck
|
0-0: Called Strike 0-1: SINGLE (Groundball, 34D, EV 105.0 MPH)
|
|
Batting: RHB Corey Ottinger
|
0-0: Called Strike 0-1: Ball 1-1: Swinging Strike 1-2: Strikes out looking
|
|
Batting: LHB Dae-ik Yoon
|
0-0: Fielders Choice at 2nd, 2-4 (Groundball, 15S, EV 74.4 MPH)
|
|
Batting: SHB Floyd-William Goof
|
0-0: Ball 1-0: Swinging Strike 1-1: Ball 2-1: Foul Ball, location: 2F 2-2: Foul Ball, location: 2F 2-2: Strikes out looking
|
| Top of the 8th over - 0 runs, 1 hit, 0 errors, 1 left on base; Seattle 6 - Kansas City 4 |
| BOTTOM OF THE 8TH |
|
Kansas City Royals batting - Pitching for Seattle Mariners : LHP Lance Crumpton
|
|
Batting: LHB Roman Downey
|
0-0: Ball 1-0: Ball 2-0: Ball 3-0: Called Strike 3-1: Called Strike 3-2: SINGLE (Groundball, 25, EV 65.6 MPH) (infield hit)
|
|
Batting: SHB Gil Switzer
|
0-0: Swinging Strike 0-1: Foul Ball, location: 2F 0-2: Ball 1-2: Strikes out swinging
|
|
Batting: LHB Justin Rupert
|
0-0: Ball 1-0: Grounds into double play, U6-3 (Groundball, 4MD, EV 80.0 MPH)
|
| Bottom of the 8th over - 0 runs, 1 hit, 0 errors, 0 left on base; Seattle 6 - Kansas City 4 |
| TOP OF THE 9TH |
|
Seattle Mariners batting - Pitching for Kansas City Royals : LHP Chris Eaker
|
|
Batting: RHB Steve Jordan
|
0-0: Ball 1-0: Called Strike 1-1: Ball 2-1: Foul Ball, location: 2F 2-2: Strikes out swinging
|
|
Batting: RHB Tony Vargas
|
0-0: Called Strike 0-1: Ball 1-1: Ball 2-1: Foul Ball, location: 2F 2-2: Ground out 5-3 (Groundball, 5S, EV 68.8 MPH)
|
|
Batting: RHB Pavpv Ivanushkin
|
0-0: Called Strike 0-1: Foul Ball, location: 2F 0-2: Strikes out swinging
|
| Top of the 9th over - 0 runs, 0 hits, 0 errors, 0 left on base; Seattle 6 - Kansas City 4 |
| BOTTOM OF THE 9TH |
|
Kansas City Royals batting - Pitching for Seattle Mariners : LHP Lance Crumpton
|
|
Pitching: RHP Omar Colunga
|
|
|
Batting: RHB Matt Belgard
|
0-0: Called Strike 0-1: Fly out, F9 (Flyball, 9LS, EV 81.2 MPH)
|
|
Batting: LHB Robby Diaz
|
0-0: Swinging Strike 0-1: Called Strike 0-2: DOUBLE (Line Drive, 7LM, EV 111.9 MPH)
|
|
Batting: SHB Jose Pacheco
|
0-0: Ball 1-0: Swinging Strike 1-1: Ball 2-1: Foul Ball, location: 2F 2-2: Strikes out swinging
|
|
Pinch Hitting: LHB Bill Baconneck
|
0-0: Ball 1-0: Ball 2-0: Ball 3-0: Called Strike 3-1: Base on Balls
|
|
Batting: LHB Mike Meyerhoff
|
0-0: Ball 1-0: Ball 2-0: Ball 3-0: Base on Balls Robby Diaz to third Bill Baconneck to second
|
|
Batting: RHB Mike Jaquez
|
0-0: Called Strike 0-1: Ball 1-1: Ball 2-1: DOUBLE (Flyball, 8RXD, EV 97.5 MPH) Robby Diaz scores Bill Baconneck scores Mike Meyerhoff to third Runner from 3rd tries for Home, SAFE, no throw by CF
|
| Bottom of the 9th over - 3 runs, 2 hits, 0 errors, 1 left on base; Seattle 6 - Kansas City 7 |
|